 Dungeon Crawl Stone Soup version 0.29.1 (webtiles) character file.

Game seed: 15492749848091139714

243 concernfroge the Trooper (level 5, -1/47 HPs)
             Began as a Mummy Monk on Sept 13, 2022.
             Engulfed by a steam dragon's steam (3 damage)
             ... on level 7 of the Dungeon.
             The game lasted 00:08:46 (3526 turns).

concernfroge the Trooper (Mummy Monk)               Turns: 3526, Time: 00:08:46

Health: -1/47      AC:  8    Str: 17    XL:     5   Next: 82%
Magic:  0/5        EV:  7    Int:  9    God:
Gold:   187        SH:  0    Dex: 14    Spells: 4/4 levels left

rFire   x . .      SeeInvis .   a - +0 spear
rCold   + . .      Faith    .   (no shield)
rNeg    + + +      Spirit   +   c - +0 chain mail
rPois   ∞          Reflect  .   (no helmet)
rElec   .          Harm     .   (no cloak)
rCorr   .          Rampage  .   (no gloves)
Will    .....                   (no boots)
Stlth   ..........              o - amulet of guardian spirit
HPRegen 0.15/turn               l - ring of flight
MPRegen 0.09/turn               (no ring)

@: flying
A: cold resistance 1, negative energy resistance 3, torment resistance 2, heat
vulnerability 1, in touch with death 1, no potions
a: no special abilities


You were on level 7 of the Dungeon.
You visited 1 branch of the dungeon, and saw 6 of its levels.

You collected 187 gold pieces.

Inventory:

Hand Weapons
 a - a +0 spear (weapon)
 b - a +1 hand axe of flaming
Missiles
 g - 10 poisoned darts (quivered)
 j - 2 throwing nets
Armour
 c - a +0 chain mail (worn)
Jewellery
 l - a ring of flight (left hand)
 o - an amulet of guardian spirit (around neck)
Wands
 d - a wand of flame (23)
 m - a wand of roots (10)
Scrolls
 e - a scroll of enchant armour
 f - a scroll of brand weapon
 h - 3 scrolls of vulnerability
 i - a scroll of amnesia
 n - 2 scrolls of magic mapping
Miscellaneous
 k - a piece from Xom's chessboard (13/15)


   Skills:
 + Level 6.6 Fighting
 - Level 2.4 Polearms
 - Level 2.4 Dodging
 - Level 1.5 Stealth


You had 4 spell levels left.
You didn't know any spells.
Your spell library contained the following spells:

 Spells                   Type           Power      Damage    Failure   Level
 Apportation              Tloc           0%         N/A       100%        1
 Freeze                   Ice            0%         1d3       100%        1
 Necrotise                Necr           0%         1d4       100%        1
 Summon Small Mammal      Summ           0%         N/A       100%        1
 Dazzling Flash           Conj/Hex       0%         N/A       100%        3
 Frozen Ramparts          Ice            0%         1d1       100%        3
 Hailstorm                Conj/Ice       0%         3d3       100%        4
 Agony                    Necr           0%         N/A       100%        5
 Silence                  Hex/Air        0%         N/A       100%        5


Dungeon Overview and Level Annotations

Branches:
Dungeon (7/15)             Temple (0/1) D:7

Altars:
Qazlal
Xom

Shops:
D:4 :

Annotations:
D:3 Natasha
D:6 Dowan


Innate Abilities, Weirdness & Mutations

You are immune to poison.
Your flesh is cold resistant. (rC+)
You are immune to negative energy. (rN+++)
You are immune to unholy pain and torment.
You are vulnerable to heat. (rF-)
You are in touch with the powers of death.
You do not drink.


Message History

The scorpion stings you but does no damage.
You swap places.
The water moccasin bites your butterfly!
Your butterfly dies!
Your butterfly disappears in a burst of colours!
The scorpion completely misses your butterfly.
The water moccasin barely misses your butterfly.
The water moccasin closely misses your butterfly.
The scorpion stings your butterfly.
Your butterfly dies!
Your butterfly disappears in a burst of colours!
The water moccasin barely misses your butterfly.
The water moccasin misses your butterfly.
Something bites your butterfly.
Your butterfly dies!
Your butterfly disappears in a burst of colours!
The scorpion stings your butterfly.
Your butterfly dies!
Your butterfly disappears in a burst of colours!
Something bites your butterfly.
Your butterfly dies!
Your butterfly disappears in a burst of colours!
There are no items here.
Found 4 datura-tipped darts.
You see here a wand of flame (23).
d - a wand of flame (23)
You swap places.
A steam dragon comes into view.
The steam dragon hisses angrily.
The water moccasin completely misses your butterfly.
The scorpion stings you but does no damage.
The scorpion attacks as you move away! The scorpion stings you.
The water moccasin barely misses your butterfly.
The steam dragon breathes steam at you. The ball of steam hits you!!
The steam scalds you terribly!
* * * LOW HITPOINT WARNING * * *
You see here a wand of roots (10).
m - a wand of roots (10)
You are engulfed in a cloud of scalding steam.
You die...

**,*,,*,**,,****,,,,,,,,,,,,,*,,,
**,,,**,,...,,..*..,,..,,,,,,*,,,
,*,,,***,....,,.,..,..,,,,>,,*,**
,,,*,***,,....,.#.##.,,,,,,,,>,,,
,,**,,***.,...,.....,,,,.,,,,,,**
,,***,* *#.,#.##.(.*,,,.#*,,,,,,,
,,***,* ##.#.....*###..,,,,,,***
*,,**,* #.......##..D.#***,...,,
**,**,***#......@§§.#*** *##..#**
**,,.....#?##b.§sb§#######.....*
,,,,.............b.b...........*
****#............bbb.......#...*
#####.....#######..##S........,*
.........#* #.b###....##.,,*
.#**#...#* #..b.#.<.##*,***
.####..##########...b..b!#**,*
......................#....#,***


You could see a water moccasin (ally target) and a scorpion (misshapen, ally
target).

Vanquished Creatures
  A water moccasin (D:4)
  A hound (D:4)
  A jelly (D:4)
  An adder (D:2)
  A worm (D:2)
  3 dart slugs
  6 orcs
  4 endoplasms
  A giant cockroach (D:2)
  6 hobgoblins
  8 kobolds
  2 quokkas
  6 ball pythons
  5 bats
  3 frilled lizards
  6 goblins
  6 rats
61 creatures vanquished.

Notes
Turn   | Place    | Note
-------+----------+-------------------------------------------
     0 | D:1      | concernfroge the Mummy Monk began the quest for the Orb.
     0 | D:1      | Reached XP level 1. HP: 18/18 MP: 1/1
   193 | D:1      | Reached XP level 2. HP: 22/24 MP: 2/2
   411 | D:1      | Reached skill level 4 in Fighting
   939 | D:2      | Gained mutation: You are in touch with the powers of death.
                  | [Mummy growth]
   939 | D:2      | Reached XP level 3. HP: 30/30 MP: 3/3
  1364 | D:2      | Found a faded altar of an unknown god.
  2068 | D:3      | Noticed Natasha
  2080 | D:3      | Found a stormy altar of Qazlal.
  2377 | D:4      | Reached skill level 5 in Fighting
  2377 | D:4      | Reached XP level 4. HP: 36/39 MP: 1/4
  2730 | D:4      | Found Homuhyihu's Vocational Training.
  2951 | D:4      | Found a shimmering altar of Xom.
  3255 | D:4      | Reached XP level 5. HP: 43/46 MP: 5/5
  3352 | D:4      | Noticed a water moccasin
  3375 | D:4      | Killed a water moccasin
  3376 | D:4      | Reached skill level 6 in Fighting
  3464 | D:4      | You are sucked into a shaft and drop 3 floors!
  3505 | D:7      | Noticed a water moccasin
  3512 | D:6      | Noticed Dowan
  3524 | D:7      | Noticed a steam dragon
  3525 | D:7      | HP: 2/47 [something/ball of steam (18)]
  3526 | D:7      | Engulfed by a steam dragon's steam

Illustrated notes

Levels and vault maps discovered:
D:1:      psy_arrival_conway, layout_basic
D:2:      layout_loops_cross, hellmonk_ecumenical_altar_arch_garden,
          st_stairs_11
D:3:      layout_loops_corners, eat_drink_and_be_merry_uskayaw,
          lemuel_doored_altar, minmay_crystal_water, kennysheep_generic_room_8,
          uniq_natasha
D:4:      layout_gridville, xom_butterflies, nicolae_shop_vocational
D:6:      layout_basic, kennysheep_boxes, uniq_duvessa, uniq_menkaure
D:7:      layout_rooms, nicolae_tso_carved_into_rock, grunt_gozag_statues,
          minmay_temple_entry_overgrown, moated_statue

Skill      XL: |  1  2  3  4  5 |
---------------+----------------+-----
Fighting       | 4 5 6 |  6.6
Polearms       | |  2.4
Dodging        | |  2.4
Stealth        | |  1.5

Action                   |  1- 3 |  4- 6 || total
-------------------------+-------+-------++-------
Melee: Spear             |   174 |    86 ||   260
       Punch             |     1 |       ||     1
Throw: Dart              |     5 |     7 ||    12
Evoke: Piece from Xom's  |       |     5 ||     5
  Use: Scroll            |     9 |     3 ||    12
 Stab: Distracted        |     1 |       ||     1
       Petrified         |       |    14 ||    14
Armor: Ring mail         |     6 |       ||     6
       Chain mail        |    68 |    30 ||    98
Dodge: Dodged            |    48 |    19 ||    67
